 Dungeon Crawl Stone Soup version 0.30-a0-626-gd6a5dd7a1f (webtiles) character file.

Game seed: 7691880709620905053

338 BaabKaare the Conjurer (level 6, -5/43 HPs)
             Began as a Human Conjurer on Jan 11, 2023.
             Was a Follower of Sif Muna.
             Slain by an iguana (7 damage)
             ... on level 5 of the Dungeon.
             The game lasted 00:13:12 (3782 turns).

BaabKaare the Conjurer (Human Conjurer)             Turns: 3782, Time: 00:13:13

Health: -5/43      AC:  7    Str: 13    XL:     6   Next: 86%
Magic:  4/9        EV: 11    Int: 21    God:    Sif Muna [*.....]
Gold:   208        SH:  0    Dex: 11    Spells: 1/9 levels left

rFire   . . .      SeeInvis .    f - +4 hand axe
rCold   . . .      Faith    .    (no shield)
rNeg    . . .      Spirit   .    s - +0 ring mail
rPois   .          Reflect  .    m - +0 helmet
rElec   .          Harm     .    (no cloak)
rCorr   .          Rampage  .    (no gloves)
Will    .....                    u - +0 pair of boots
Stlth   +                        (no amulet)
HPRegen 0.27/turn                k - +6 ring of strength
MPRegen 0.11/turn                (no ring)

@: unable to drink
A: inability to drink after injury 1
a: Renounce Religion, Channel Magic


You were on level 5 of the Dungeon.
You worshipped Sif Muna.
Sif Muna was aware of your devotion.
You visited 1 branch of the dungeon, and saw 5 of its levels.

You collected 208 gold pieces.

Inventory:

Hand Weapons
 f - a +4 hand axe (weapon)
Armour
 m - a +0 helmet (worn)
 s - a +0 ring mail (worn)
 u - a +0 pair of boots (worn)
Magical Staves
 r - a staff of cold
Jewellery
 a - an amulet of regeneration
 k - a +6 ring of strength (left hand)
Scrolls
 h - a scroll of magic mapping
 i - 2 scrolls of fear {unknown}
 o - a scroll of amnesia {unknown}
 v - a scroll of poison {unknown}
Potions
 b - 3 potions of magic
 c - a potion of curing
 g - a potion of lignification
 j - a potion of brilliance
 l - a potion of might
 n - a potion of resistance
 p - 2 potions of attraction
 q - a potion of haste
 t - a potion of mutation


   Skills:
 + Level 1.4 Fighting
 + Level 2.9 Axes
 + Level 2.1 Armour
 + Level 2.8 Dodging
 + Level 2.6 Stealth
 + Level 2.4 Spellcasting
 + Level 5.2 Conjurations


You had one spell level left.
You knew the following spells:

 Your Spells              Type           Power      Damage    Failure   Level
a - Magic Dart            Conj           96%        1d7       3%          1
b - Searing Ray           Conj           48%        2d6       5%          2
c - Arcjolt               Conj/Air       6%         1d16      96%         5

Your spell library contained the following spells:

 Spells                   Type           Power      Damage    Failure   Level
 Dazzling Flash           Conj/Hex       26%        N/A       30%         3
 Vhi's Electric Charge    Tloc/Air       4%         N/A       65%         3
 Fulminant Prism          Conj/Hex       6%         3d7       71%         4
 Iskenderun's Mystic Bla  Conj/Tloc      13%        2d5       71%         4
 Petrify                  Tmut/Erth      2%         N/A       96%         4
 Metabolic Englaciation   Hex/Ice        1%         N/A       100%        5
 Statue Form              Tmut/Erth      1%         N/A       100%        6
 Maxwell's Capacitive Co  Air            1%         ∞         100%        8


Dungeon Overview and Level Annotations

Branches:
Dungeon (5/15)
 Temple: D:4-7

Altars:
Fedhas
Sif Muna


Innate Abilities, Weirdness & Mutations

You occasionally lose the ability to drink potions when taking damage.


Message History

Sif Muna accepts your kill.
You hit the gnoll. The gnoll hits you with a +0 whip.
Your Armour skill increases to level 2!
The gnoll attacks as you move away! The gnoll hits you but does no damage.
You barely miss the iguana.
The iguana is moderately wounded.
You hit the gnoll. The iguana misses you. The gnoll closely misses you.
The iguana completely misses you. The gnoll hits you with a +0 whip.
You feel threatened and lose the ability to drink potions!
You barely miss the iguana.
The iguana is moderately wounded.
You hit the gnoll. The iguana bites you!
* * * LOW HITPOINT WARNING * * *
The gnoll hits you with a +0 whip.
* * * LOW HITPOINT WARNING * * *
You hit the gnoll.
You kill the gnoll!
Sif Muna accepts your kill.
You hit the iguana.
The iguana bites you but does no damage.
You hit the iguana but do no damage.
The iguana is heavily wounded.
You can drink potions again.
The iguana closely misses you.
You hit the iguana.
The iguana is severely wounded.
The iguana bites you but does no damage.
You closely miss the iguana.
The iguana is severely wounded.
The iguana bites you!
You feel threatened and lose the ability to drink potions!
* * * LOW HITPOINT WARNING * * *
You cannot drink potions in your current state!
You hit the iguana but do no damage.
The iguana is severely wounded.
The iguana barely misses you.
You hit the iguana.
The iguana is severely wounded.
The iguana bites you!
You die...

#..##.................
#.........# ......
#.....###.## ##..#
#......#.<.###..#
#..........<.#..#
#...............##
#.##.............##
#.#.....)l.....##
...#.####.@........
....... #..#...#..! ..
#..# ##.##..#.### .
##. #$. ....# #.
........? .. ..##...#.
. .## ## ..


You could see an iguana.

Vanquished Creatures
  A phantom (D:5)
  An orc priest (D:2)
  Natasha (thrice) (D:2)
  An orc wizard (D:2)
  5 adders
  2 gnolls (D:5)
  8 orcs
  5 endoplasms
  2 giant cockroaches (D:3)
  6 goblins
  5 hobgoblins
  8 jackals
  4 kobolds
  6 ball pythons
  4 bats
  4 frilled lizards
  6 rats
71 creatures vanquished.

Notes
Turn   | Place    | Note
-------+----------+-------------------------------------------
     0 | D:1      | BaabKaare the Human Conjurer began the quest for the Orb.
     0 | D:1      | Reached XP level 1. HP: 13/13 MP: 3/3
   109 | D:2      | Reached XP level 2. HP: 19/19 MP: 0/5
   408 | D:1      | Learned a level 2 spell: Searing Ray
   432 | D:1      | Reached XP level 3. HP: 8/24 MP: 3/6
   438 | D:1      | HP: 1/24 [poisoned by an adder]
   556 | D:2      | Reached XP level 4. HP: 8/30 MP: 2/7
   762 | D:1      | Reached skill level 5 in Conjurations
  1441 | D:3      | Found a shimmering blue altar of Sif Muna.
  1475 | D:3      | Became a worshipper of Sif Muna the Loreminder
  1577 | D:2      | Noticed Natasha
  1591 | D:2      | HP: 2/45 [Natasha (7)]
  1593 | D:2      | Gained mutation: You occasionally lose the ability to drink
                  | potions when taking damage. [potion of mutation]
  1597 | D:2      | Killed Natasha
  1598 | D:2      | Reached skill level 1 in Axes
  1598 | D:2      | Reached skill level 1 in Armour
  1598 | D:2      | Reached XP level 5. HP: 24/36 MP: 8/8
  1912 | D:2      | Learned a level 5 spell: Arcjolt
  2106 | D:2      | Noticed Natasha
  2113 | D:2      | Killed Natasha
  2118 | D:2      | Noticed Natasha
  2130 | D:2      | Killed Natasha
  2131 | D:2      | Reached skill level 1 in Fighting
  2131 | D:2      | Reached XP level 6. HP: 23/43 MP: 5/9
  2353 | D:2      | Found a faded altar of an unknown god.
  2542 | D:3      | Found a blossoming altar of Fedhas.
  3141 | D:3      | Reached * piety under Sif Muna
  3744 | D:5      | Entered Level 5 of the Dungeon
  3780 | D:5      | HP: 2/43 [iguana (8)]
  3782 | D:5      | Slain by an iguana

Illustrated notes

Levels and vault maps discovered:
D:1:      spicycebolla_arrival_risky_transporter, layout_loops_ring
D:2:      layout_rooms, hellmonk_ecumenical_altar_lost_god, solitary_fountain,
          minmay_crystal_water, uniq_natasha
D:3:      layout_basic, mainiacjoe_overflow_chevrons,
          mainiacjoe_overflow_six_doors_small, minmay_mini_jars
D:4:      layout_basic, minmay_temple_entry_junction, minmay_misc_feat_square
D:5:      layout_cave_pools, serial_gnoll_camp, gnoll_camp_mini_hut,
          gnoll_camp_mini_loothouse, gnoll_camp_medium_02,
          gnoll_camp_mini_doghouse, gnoll_camp_mini_sergeant,
          gnoll_camp_mini_hut, nicolae_ossuary_entry_ruins,
          minmay_misc_feat_rugged

Skill      XL: |  1  2  3  4  5  6 |
---------------+-------------------+-----
Conjurations   | 5 |  5.2
Axes           | 1 2 |  2.9
Armour         | 1 2 |  2.1
Fighting       | 1 |  1.4
Dodging        | |  2.8
Stealth        | |  2.6
Spellcasting   | |  2.4

Action                   |  1- 3 |  4- 6 || total
-------------------------+-------+-------++-------
Melee: Hand axe          |     3 |   127 ||   130
       Punch             |       |     2 ||     2
 Cast: Magic Dart        |    21 |    19 ||    40
       Searing Ray       |     1 |     5 ||     6
  Use: Potion            |       |     4 ||     4
       Scroll            |       |     9 ||     9
 Stab: Sleeping          |       |     3 ||     3
Armor: Robe              |     6 |     5 ||    11
       Skin              |       |    13 ||    13
       Leather armour    |       |     8 ||     8
       Ring mail         |       |    38 ||    38
Dodge: Dodged            |    15 |   104 ||   119

Table legend: (Time is in decaauts)
 A = Elapsed time spent in this place.
 B = Non-inter-level travel time spent in this place.
 C = Inter-level travel time spent in this place.
 D = Time resting spent in this place.
 E = Time spent auto-exploring this place.
 F = Levels seen in this place.
 G = Mean time per level.
                   A        B        C        D        E       F      G
               +--------+--------+--------+--------+--------+-----+--------+
         Total |   3816 |   3715 |    101 |   1148 |   1410 |   5 |  763.2 |
       Dungeon |   3816 |   3715 |    101 |   1148 |   1410 |   5 |  763.2 |
               +--------+--------+--------+--------+--------+-----+--------+

Top non-repeatable levels by time:
     D:2: 1334 daAuts
     D:3: 1221 daAuts
     D:1: 1167 daAuts
     D:4: 53 daAuts
     D:5: 39 daAuts
